 Dungeon Crawl Stone Soup version 0.25-a0-1133-g93ebf739aa (webtiles) character file.

Game seed: 17240470640294889883, levelgen mode: deterministic

78931 Flugslaktarn the Severer (level 15, 0/140 HPs)
             Began as a Deep Dwarf Fighter on May 21, 2020.
             Was the Champion of Makhleb.
             Slain by an 11-headed hydra (6 damage)
             ... on level 4 of the Swamp.
             The game lasted 00:11:18 (12791 turns).

Flugslaktarn the Severer (Deep Dwarf Fighter)      Turns: 12791, Time: 00:11:19

Health: 0/140      AC: 18    Str: 35    XL:     15   Next: 19%
Magic:  14/14      EV:  8    Int: 12    God:    Makhleb [******]
Gold:   1802       SH: 23    Dex: 12    Spells: 14/14 levels left

rFire    . . .     SeeInvis +   G - +14 obsidian axe {vorpal, +Fly SInv *Curse} (curse)
rCold    + . .     Gourm    .   y - +2 tower shield
rNeg     + . .     Faith    +   O - +0 swamp dragon scales
rPois    +         Spirit   .   s - +2 hat {Int+3}
rElec    .         Reflect  .   i - +0 cloak
rCorr    .         Harm     .   A - +2 pair of gloves "Ziyluzu" {*Corrode Regen+ Str+3 SInv}
MR       ++...                  C - +1 pair of boots
Stlth    +.........             b - amulet of faith
HPRegen  0.00/turn              M - +6 ring of strength
MPRegen  0.14/turn              c - ring of protection from cold

@: corroded, mesmerised, non-regenerating, very slow
A: damage resistance, heal wounds, icy blue scales 1, negative energy resistance
1, sense surroundings 3, screaming 1, no regeneration
a: Heal Wounds, Minor Destruction, Lesser Servant of Makhleb, Major Destruction,
Greater Servant of Makhleb, Renounce Religion, Evoke Flight


You were on level 4 of the Swamp.
You worshipped Makhleb.
Makhleb was exalted by your worship.
You were not hungry.

You visited 4 branches of the dungeon, and saw 25 of its levels.

You collected 2364 gold pieces.
You spent 562 gold pieces at shops.

Inventory:

Hand Weapons
 a - a +1 war axe
 f - a +2 hand axe of electrocution
   (You took it off an orc on level 8 of the Dungeon)
 n - a +3 dagger of distortion
   (You took it off Psyche on level 8 of the Dungeon)
 E - a +1 war axe of flaming
   (You took it off an orc on level 1 of the Orcish Mines)
 G - the cursed +14 obsidian axe (weapon) {vorpal, +Fly SInv *Curse}
   (You acquired it on level 4 of the Swamp)

   It inflicts extra damage upon your enemies.
   It lets you see invisible.
   It lets you fly.
   It curses itself when equipped.
   It has a curse placed upon it.
 N - a +3 broad axe
   (You found it on level 3 of the Swamp)
 P - a +0 war axe of draining
   (You took it off a wight on level 15 of the Dungeon)
Armour
 i - a +0 cloak (worn)
   (You found it on level 5 of the Dungeon)
 k - a +0 kite shield
 l - a scarf of resistance
   (You found it on level 1 of the Lair of Beasts)
 s - a +2 hat of intelligence (worn)
   (You found it on level 7 of the Dungeon)
 u - a +0 plate armour
   (You took it off an orc warrior on level 9 of the Dungeon)
 y - a +2 tower shield (worn)
   (You found it on level 4 of the Lair of Beasts)
 A - the +2 pair of gloves "Ziyluzu" (worn) {*Corrode Regen+ Str+3 SInv}
   (You bought it in a shop on level 2 of the Orcish Mines)

   It affects your strength (+3).
   It lets you see invisible.
   It increases your rate of regeneration.
   It may corrode you when you take damage.
 C - a +1 pair of boots (worn)
   (You found it on level 8 of the Dungeon)
 D - a +1 pair of gloves
   (You found it on level 8 of the Dungeon)
 O - +0 swamp dragon scales (worn)
   (You found it on level 3 of the Swamp)
Jewellery
 b - an amulet of faith (around neck)
   (You took it off a kobold on level 7 of the Dungeon)
 c - a ring of protection from cold (right hand)
   (You found it on level 3 of the Lair of Beasts)
 M - a +6 ring of strength (left hand)
   (You found it on level 3 of the Lair of Beasts)
Wands
 j - a wand of acid (5)
   (You found it on level 4 of the Dungeon)
 p - a wand of iceblast (16)
   (You found it on level 5 of the Dungeon)
Scrolls
 r - a scroll of identify
 t - 7 scrolls of teleportation
 x - 2 scrolls of remove curse
 z - 5 scrolls of blinking
 F - 3 scrolls of enchant armour
 H - a scroll of magic mapping
 I - 5 scrolls of fear
 J - a scroll of immolation
 L - 2 scrolls of fog
Potions
 d - 6 potions of might
 g - 2 potions of lignification
 h - a potion of haste
 o - a potion of flight
 q - 5 potions of curing
 v - a potion of magic
 w - 3 potions of heal wounds
 B - a potion of berserk rage
 K - a potion of cancellation {unknown}
Comestibles
 e - 29 rations
 m - 3 chunks of flesh


   Skills:
 + Level 10.7 Fighting
 * Level 16.5 Axes
 + Level 12.4 Armour
 + Level 12.4 Shields
 + Level 13.6 Invocations
 - Level 6.0 Evocations


You had 14 spell levels left.
You didn't know any spells.
Your spell library was empty.

Dungeon Overview and Level Annotations

Branches:
Dungeon (15/15)            Temple (0/1) D:4            Lair (4/6) D:9
  Swamp (4/4) Lair:2        Snake (0/4) Lair:4          Orc (2/2) D:9
    Elf (0/3) Orc:2        Vaults (0/5) D:13         Depths (0/5) D:15

Altars:
Ashenzari
Cheibriados
Dithmenos
Elyvilon
Fedhas
Gozag
Hepliaklqana
Makhleb
Sif Muna
Trog
Vehumet
Wu Jian
Xom
Yredelemnul
Zin
Beogh

Shops:
Orc:1 ?   Orc:2 [(*=

Annotations:
Swamp:4 Donald


Innate Abilities, Weirdness & Mutations

You are resistant to damage.
You can heal yourself by infusing magical energy.
You resist negative energy. (rN+)
You passively map a large area around you.
You do not regenerate.
You are partially covered in icy blue scales. (AC +2)
You occasionally shout uncontrollably at your foes.


Message History

The bolt of acid hits the 11-headed hydra!
The 11-headed hydra is splashed with acid.
The 11-headed hydra is severely wounded.
The bolt of acid hits Donald!
Donald is splashed with acid.
The acid corrodes Donald!
Donald is lightly wounded.
The bolt of acid hits the eight-headed hydra!
The eight-headed hydra is splashed with acid.
The acid corrodes the eight-headed hydra!
The eight-headed hydra is moderately wounded.
You hear an angry hiss.
You hear a deafening roar!
Donald hits you from afar with a +2 demon trident of electrocution!!
* * * LOW HITPOINT WARNING * * *
You block the 11-headed hydra's attack. x3
The 11-headed hydra barely misses you.
The 11-headed hydra bites you but does no damage. x2
You block the 11-headed hydra's attack.
The 11-headed hydra bites you but does no damage.
The 11-headed hydra bites you!
You die...

♣♣♣♣
♣.≈≈≈≈≈§≈§≈ ≈
♣..♣♣♣..≈.≈≈♣#≈
* ≈
♣...≈≈≈§.≈#♣♣ *
♣..≈≈≈≈≈.♣♣ **
* , ♣...≈≈.≈♣#*
≈ ♣♣♣♣.≈≈##* ≈≈
♣...## , , ≈
♣≈≈§#* ≈ ,
♣♣.@# , , ,
♣≈.≈D# ,,, ,
♣♣≈♣≈@# , ***
*.....D♣ *
♣♣.≈....♣* ,≈ ≈
♣.§≈....., , ≈
♣♣≈.≈...§., ≈ *
♣..≈≈.. ≈ ≈, *
≈ *** ≈ ,


You could see Donald (fast, strong, corroded), a 11-headed hydra (mesmerising)
and an eight-headed hydra (corroded).

Vanquished Creatures
  Kirke (D:13)
  A rakshasa (D:15)
  7 hydras
  3 ghost crabs
  3 centaur warriors
  A tengu warrior (D:15)
  7 two-headed ogres
  4 orc high priests (Orc:2)
  A shock serpent (shapeshifter) (D:13)
  2 unseen horrors
  4 skeletal warriors (D:12)
  2 glowing orange brains
  A swamp dragon (Swamp:3)
  A harpy (shapeshifter) (D:13)
  A necromancer (D:13)
  6 ugly things
  3 cyclopes
  2 orc sorcerers (Orc:2)
  3 orc knights (Orc:2)
  2 manticores
  A deep elf mage (D:13)
  An elephant (D:9)
  Joseph (D:10)
  A black mamba (shapeshifter) (D:15)
  2 black mambas (Lair:3)
  Psyche (D:8)
  Maurice (D:8)
  2 gargoyles
  2 freezing wraiths
  2 komodo dragons
  14 spiny frogs
  2 kobold demonologists (D:15)
  A rime drake (Lair:2)
  3 demonic crawlers (D:13)
  6 trolls
  A polar bear (Lair:3)
  A tengu conjurer (D:15)
  A harpy zombie (D:14)
  3 tyrant leeches
  A hornet (shapeshifter) (D:14)
  3 bog bodies
  5 slime creatures (D:15)
  13 blink frogs
  3 hornets
  21 dream sheep
  7 hippogriffs
  A meliai zombie (D:15)
  A shadow (D:13)
  5 hogs (D:13)
  A spriggan (Swamp:3)
  5 basilisks
  A wraith (D:12)
  3 wyverns
  24 yaks
  8 vampire mosquitoes
  A steam dragon (D:8)
  3 hungry ghosts
  4 wargs
  An acid dragon (D:13)
  8 swamp worms
  2 water moccasins
  3 small abominations (D:13)
  A two-headed ogre zombie (D:9)
  4 porcupines
  A floating eye (D:13)
  5 ice beasts
  26 orc warriors
  4 sky beasts
  An eye of draining (D:10)
  10 ogres
  3 phantoms
  4 boggarts (D:14)
  17 wolves
  8 centaurs
  A crocodile (shapeshifter) (D:15)
  11 crocodiles
  6 big kobolds
  16 bullfrogs
  A gnoll sergeant (D:9)
  A water moccasin zombie (D:6)
  3 scorpions
  10 killer bees
  9 wights (D:15)
  5 howler monkeys
  4 crimson imps
  2 bullfrog zombies
  An iron imp (D:8)
  4 hounds
  2 jellies
  15 orc wizards
  7 orc priests
  A bullfrog skeleton (D:8)
  4 centaur skeletons
  A gnoll shaman (D:4)
  5 iguanas
  6 worker ants
  7 ogre zombies (D:9)
  A hound zombie (D:7)
  2 hound skeletons
  A worker ant zombie (D:7)
  10 adders
  14 gnolls
  4 shadow imps
  An ooze (D:2)
  An adder zombie (D:5)
  An adder skeleton (D:9)
  A worm (shapeshifter) (D:15)
  A worm (D:2)
  A leopard gecko (D:7)
  45 orcs
  3 ball pythons
  2 bats (D:1)
  4 giant cockroaches
  2 goblins (D:2)
  3 hobgoblins
  4 jackals
  40 kobolds
  3 quokkas
  A frilled lizard (D:4)
  4 goblin zombies (D:9)
  3 hobgoblin skeletons (D:9)
  4 hobgoblin zombies (D:9)
  3 orc skeletons (D:9)
  11 orc zombies (D:9)
  A rat (D:1)
  2 plants (Lair:2)
604 creatures vanquished.

Vanquished Creatures (collateral kills)
  Jorgrun (D:13)
  An orc warlord (Orc:2)
  A hydra (D:11)
  An orc knight (Orc:2)
  An ugly thing (D:13)
  An orc sorcerer (Orc:2)
  A spiny frog (Lair:3)
  A tyrant leech (Swamp:4)
  A yak (D:13)
  2 vampire mosquitoes (Swamp:4)
  A water moccasin (Lair:3)
  An ogre (D:13)
  A jelly (D:11)
  A quasit (D:11)
15 creatures vanquished.

Vanquished Creatures (others)
  A giant cockroach zombie (D:5)
  9 fungi
10 creatures vanquished.

Grand Total: 629 creatures vanquished

Notes
Turn   | Place    | Note
-------+----------+-------------------------------------------
     0 | D:1      | Flugslaktarn the Deep Dwarf Fighter began the quest for the
                  | Orb.
     0 | D:1      | Reached XP level 1. HP: 20/20 MP: 1/1
   107 | D:1      | Reached XP level 2. HP: 25/27 MP: 2/2
   250 | D:2      | Reached skill level 3 in Axes
   279 | D:3      | Reached XP level 3. HP: 16/33 MP: 3/3
   309 | D:4      | Noticed a scorpion
   320 | D:4      | Killed a scorpion
   320 | D:4      | Reached XP level 4. HP: 20/42 MP: 4/4
   343 | D:4      | Found a shattered altar of Ashenzari.
   385 | D:4      | Reached skill level 4 in Axes
   385 | D:4      | Reached XP level 5. HP: 34/49 MP: 5/5
   400 | D:4      | Found a burning altar of Makhleb.
   403 | D:4      | Found a white marble altar of Elyvilon.
   403 | D:4      | Found a shimmering altar of Xom.
   404 | D:4      | Found a hazy altar of Hepliaklqana.
   404 | D:4      | Found a bloodstained altar of Trog.
   404 | D:4      | Found a glowing silver altar of Zin.
   405 | D:4      | Found a shimmering blue altar of Sif Muna.
   411 | D:4      | Became a worshipper of Makhleb the Destroyer
   444 | D:4      | Found a radiant altar of Vehumet.
   588 | D:4      | Found a staircase to the Ecumenical Temple.
   702 | D:4      | Reached skill level 1 in Invocations
   732 | D:4      | Reached XP level 6. HP: 56/56 MP: 6/6
  1041 | D:5      | Entered Level 5 of the Dungeon
  1088 | D:5      | Noticed a sky beast
  1095 | D:5      | Killed a sky beast
  1095 | D:5      | Reached skill level 5 in Axes
  1174 | D:5      | Reached XP level 7. HP: 55/63 MP: 8/8
  1229 | D:5      | Reached skill level 5 in Armour
  1241 | D:5      | Reached skill level 5 in Shields
  1477 | D:6      | Reached * piety under Makhleb
  1477 | D:6      | Reached skill level 6 in Axes
  1624 | D:6      | Reached XP level 8. HP: 56/73 MP: 10/10
  2163 | D:7      | Reached skill level 7 in Axes
  2285 | D:7      | Reached skill level 5 in Fighting
  2285 | D:7      | Reached skill level 1 in Evocations
  2344 | D:7      | Reached skill level 5 in Invocations
  2415 | D:7      | Gained mutation: You passively map the area around you.
                  | [Deep Dwarf growth]
  2415 | D:7      | Reached XP level 9. HP: 79/81 MP: 9/9
  2416 | D:7      | Reached ** piety under Makhleb
  2428 | D:7      | Reached skill level 8 in Axes
  2566 | D:7      | Found a basalt altar of Yredelemnul.
  2792 | D:8      | Noticed a two-headed ogre
  2803 | D:8      | Killed a two-headed ogre
  2810 | D:8      | Noticed Maurice
  2814 | D:8      | Killed Maurice
  2814 | D:8      | Reached skill level 9 in Axes
  2821 | D:8      | Noticed Psyche
  2826 | D:8      | Killed Psyche
  2864 | D:8      | Reached XP level 10. HP: 59/91 MP: 11/11
  3007 | D:8      | Noticed a two-headed ogre
  3030 | D:8      | Killed a two-headed ogre
  3030 | D:8      | Reached skill level 5 in Evocations
  3201 | D:8      | Found a snail-covered altar of Cheibriados.
  3333 | D:8      | Reached *** piety under Makhleb
  3435 | D:8      | Found a blossoming altar of Fedhas.
  3597 | D:9      | Found a staircase to the Orcish Mines.
  3634 | D:9      | Reached **** piety under Makhleb
  3649 | D:9      | Reached skill level 10 in Axes
  3705 | D:9      | Found a staircase to the Lair.
  3705 | D:9      | Noticed an elephant
  3747 | D:9      | Killed an elephant
  3879 | D:9      | Found an ornate altar of the Wu Jian Council.
  3882 | D:9      | Reached ***** piety under Makhleb
  3969 | D:9      | Found a shadowy altar of Dithmenos.
  4075 | D:9      | Found a shimmering blue altar of Sif Muna.
  4316 | Lair:1   | Entered Level 1 of the Lair of Beasts
  4323 | Lair:1   | Reached XP level 11. HP: 99/99 MP: 10/12
  4465 | Lair:1   | Reached skill level 11 in Axes
  4685 | Lair:2   | Found a staircase to the Swamp.
  4852 | Lair:2   | Reached skill level 12 in Axes
  5514 | Lair:2   | Reached XP level 12. HP: 110/110 MP: 14/14
  5846 | Lair:3   | Noticed an eight-headed hydra
  5883 | Lair:3   | Reached skill level 10 in Invocations
  5888 | Lair:3   | Killed a 14-headed hydra
  6060 | Lair:3   | Found a basalt altar of Yredelemnul.
  6508 | Lair:4   | Reached ****** piety under Makhleb
  6587 | Lair:4   | Found an opulent altar of Gozag.
  6600 | Lair:4   | Reached skill level 13 in Axes
  6605 | Lair:4   | Reached skill level 10 in Armour
  6605 | Lair:4   | Reached skill level 10 in Shields
  6794 | Lair:4   | Found a staircase to the Snake Pit.
  7411 | D:10     | Entered Level 10 of the Dungeon
  7610 | D:10     | Reached XP level 13. HP: 120/120 MP: 14/14
  7667 | D:10     | Noticed Joseph
  7685 | D:10     | Killed Joseph
  8444 | D:12     | Reached skill level 14 in Axes
  8813 | D:13     | Noticed Jorgrun
  8904 | D:13     | Killed Jorgrun
  9096 | D:13     | Found a gate to the Vaults.
  9324 | D:13     | Noticed Kirke
  9339 | D:13     | Killed Kirke
  9583 | D:13     | Identified Eshroihab's Reference Book on the Escort and
                  | Shape Shifting
  9656 | D:13     | Paralysed by a floating eye for 3 turns
  9686 | D:13     | Paralysed by a floating eye for 2 turns
  9957 | D:14     | Gained mutation: You resist negative energy. (rN+) [Deep
                  | Dwarf growth]
  9957 | D:14     | Reached XP level 14. HP: 130/130 MP: 15/15
  9982 | D:14     | Reached skill level 15 in Axes
 10164 | D:15     | Entered Level 15 of the Dungeon
 10409 | D:15     | Reached skill level 10 in Fighting
 10747 | D:15     | Found a staircase to the Depths.
 11045 | Orc:1    | Entered Level 1 of the Orcish Mines
 11070 | Orc:2    | Entered Level 2 of the Orcish Mines
 11090 | Orc:2    | Found a staircase to the Elven Halls.
 11178 | Orc:2    | Gained mutation: You are frail. (-10% HP) [a neqoxec]
 11182 | Orc:2    | Gained mutation: Scrolls take you a little longer to read.
                  | [a neqoxec]
 11204 | Orc:2    | Lost mutation: You are frail. (-10% HP) [potion of
                  | mutation]
 11204 | Orc:2    | Lost mutation: Scrolls take you a little longer to read.
                  | [potion of mutation]
 11204 | Orc:2    | Gained mutation: You occasionally shout uncontrollably at
                  | your foes. [potion of mutation]
 11204 | Orc:2    | Gained mutation: You are partially covered in icy blue
                  | scales. (AC +2) [potion of mutation]
 11204 | Orc:2    | Gained mutation: You passively map a large area around you.
                  | [potion of mutation]
 11260 | Orc:2    | Found Jyeraqud's Jewellery Shop.
 11301 | Orc:2    | Reached skill level 16 in Axes
 11336 | Orc:2    | Found Uhutaamo's General Store.
 11349 | Orc:2    | Found Cudif's Antique Weapon Boutique.
 11461 | Orc:2    | Noticed an orc warlord
 11506 | Orc:2    | Killed an orc warlord
 11571 | Orc:2    | Found Wihocwaw's Antique Armour Emporium.
 11579 | Orc:2    | Bought a pair of fine gloves for 247 gold pieces
 11589 | Orc:2    | Identified the +2 pair of gloves "Ziyluzu" {*Corrode Regen+
                  | Str+3 SInv} (You bought it in a shop on level 2 of the
                  | Orcish Mines)
 11778 | Orc:1    | You fall into a shaft and drop 1 floor!
 11916 | Orc:1    | Found a roughly hewn altar of Beogh.
 12083 | Orc:1    | Found Haupac's Magic Scroll Emporium.
 12091 | Orc:1    | Bought a scroll of enchant weapon for 105 gold pieces
 12091 | Orc:1    | Bought a scroll of blinking for 105 gold pieces
 12091 | Orc:1    | Bought a scroll of blinking for 105 gold pieces
 12330 | Swamp:1  | Entered Level 1 of the Swamp
 12467 | Swamp:3  | Reached XP level 15. HP: 126/140 MP: 15/15
 12626 | Swamp:3  | Identified a scroll of acquirement
 12635 | Swamp:4  | Entered Level 4 of the Swamp
 12694 | Swamp:4  | Found the +14 obsidian axe {vorpal, +Fly SInv *Curse}
 12694 | Swamp:4  | Got the +14 obsidian axe {vorpal, +Fly SInv *Curse}
 12780 | Swamp:4  | Noticed Donald
 12791 | Swamp:4  | HP: 6/140 [Donald/+2 demon trident of electrocution (25)]
 12791 | Swamp:4  | Slain by an 11-headed hydra

Illustrated notes

Levels and vault maps discovered:
D:1:      dpeg_arrival_boxorama, layout_rooms
D:2:      layout_basic, eat_drink_and_be_merry_uskayaw, due_unseen_surprise
D:3:      layout_rooms
D:4:      layout_basic, kennysheep_mini, grunt_temple_overflow_open,
          nicolae_ashenzari_panopticon, minmay_temple_entry_fiery
D:5:      layout_basic, first_ration, lemuel_flamethrower_2
D:6:      lemuel_ice_spiral_2, layout_basic, grunt_ministairs_15
D:7:      layout_loops_cross, kennysheep_mini_moat
D:8:      layout_loops_cross, slow_altar_2, kennysheep_little_box, uniq_maurice,
          uniq_psyche
D:9:      layout_gridville, nicolae_dithmenos_the_darkroom, old_standard_altar,
          david_lair_generic, zombieorc2_lemuel, basic_altar
D:10:     layout_loops_ring, uniq_joseph
D:11:     layout_layer_cave, gammafunk_ghost_nasty_kobolds
D:12:     layout_irregular_city
D:13:     cheibrodos_hippocracy, layout_irregular_city, david_vaults_1,
          uniq_jorgrun, uniq_kirke
D:14:     layout_loops_ring, nicolae_ru_path_of_blood
D:15:     gammafunk_enter_depths_forms, layout_long_grid, elyvilon_altar_1,
          minmay_misc_feat_rugged
Lair:1:   layout_regular_city, grunt_megastairs_3
Lair:2:   layout_cave_pods, swamp_mist_pool, minmay_shattered_shrine
Lair:3:   layout_gridlike, basic_altar, grunt_megastairs_5,
          infiniplex_staircase_pool
Lair:4:   layout_regular_city, dummy_snake_entry, basic_altar,
          infiniplex_staircase_pool_2, grunt_megastairs_4
Swamp:1:  layout_basic_swamp, evilmike_swamp_ruin_rubble_2, uniq_louise
Swamp:2:  layout_basic_swamp, lemuel_altar_in_water
Swamp:3:  layout_basic_swamp, evilmike_swamp_ruin_house_3
Swamp:4:  swamp_alternative, layout_basic_swamp, uniq_donald
Orc:1:    layout_diamond_mine, serial_shops, nicolae_shop_crystal,
          minmay_orc_temple_a
Orc:2:    grunt_orc_gardens, layout_caves, grunt_orc_garden, grunt_orc_garden,
          grunt_orc_garden, grunt_orc_garden

Skill      XL: |  1  2  3  4  5  6  7  8  9 10 11 12 13 14 |
---------------+-------------------------------------------+-----
Axes           | 3 4 5 6 7 9 10 12 13 14 16 | 16.5
Fighting       | 3 4 5 6 7 8 9 10 | 10.7
Shields        | 4 5 6 7 8 9 10 11 12 | 12.4
Armour         | 4 5 6 7 8 9 10 11 12 | 12.4
Invocations    | 1 2 3 5 6 8 9 11 12 13 | 13.6
Evocations     | 2 4 6 |  6.0

Action                   |  1- 3 |  4- 6 |  7- 9 | 10-12 | 13-15 || total
-------------------------+-------+-------+-------+-------+-------++-------
Melee: War axe           |    75 |    56 |   304 |    77 |   165 ||   677
       Hand axe          |       |       |       |   611 |  1107 ||  1718
       Broad axe         |       |       |       |       |    30 ||    30
Invok: Lesser Servant of |       |       |       |     3 |     4 ||     7
       Greater Servant o |       |       |       |       |     3 ||     3
 Abil: Heal Wounds       |     1 |     5 |    16 |    15 |    15 ||    52
       Evoke Flight      |       |       |       |       |     1 ||     1
Evoke: Wand              |       |       |     6 |     2 |     3 ||    11
  Use: Scroll            |       |       |       |    16 |    16 ||    32
       Potion            |       |       |       |       |     1 ||     1
 Stab: Distracted        |       |       |       |       |     1 ||     1
  Eat: Chunk             |       |       |     7 |    12 |    10 ||    29
       Ration            |       |       |       |     3 |     2 ||     5
Armor: Scale mail        |    48 |    23 |    53 |       |       ||   124
       Chain mail        |       |       |   134 |   168 |       ||   302
       Plate armour      |       |       |       |   265 |   553 ||   818
       Swamp dragon scal |       |       |       |       |    58 ||    58
Dodge: Dodged            |    29 |    22 |    94 |   151 |   159 ||   455
Block: Kite shield       |    46 |    34 |   223 |   375 |       ||   678
       Tower shield      |       |       |       |    81 |  1235 ||  1316

Table legend:
 A = Non-vault XP
 B = Vault XP
 C = Vault XP percentage of total XP
 D = Non-vault monster count
 E = Vault monster count
 F = Vault count percentage of total count
                 A         B        C        D         E       F
            +---------+---------+-------+---------+---------+-------
      Total |   82097 |   30662 |  27.2 |     488 |     129 |  20.9
            +---------+---------+-------+---------+---------+-------
        D:1 |      20 |       0 |   0.0 |      12 |       0 |   0.0
        D:2 |      20 |       0 |   0.0 |       6 |       0 |   0.0
        D:3 |      16 |       0 |   0.0 |       2 |       0 |   0.0
        D:4 |     360 |       0 |   0.0 |      16 |       0 |   0.0
        D:5 |     593 |       0 |   0.0 |       9 |       0 |   0.0
        D:6 |     711 |       6 |   0.8 |      16 |       3 |  15.8
        D:7 |    1778 |       0 |   0.0 |      46 |       0 |   0.0
        D:8 |    2707 |     915 |  25.3 |      21 |       3 |  12.5
        D:9 |    1315 |    1988 |  60.2 |      26 |      40 |  60.6
       D:10 |    2940 |     475 |  13.9 |      34 |       1 |   2.9
       D:11 |    2055 |       0 |   0.0 |       5 |       0 |   0.0
       D:12 |    8118 |       0 |   0.0 |      27 |       0 |   0.0
       D:13 |    5936 |   10677 |  64.3 |      41 |      25 |  37.9
       D:14 |    5735 |       0 |   0.0 |      16 |       0 |   0.0
       D:15 |    9320 |    4327 |  31.7 |      32 |      10 |  23.8
     Lair:1 |    5139 |       0 |   0.0 |      28 |       0 |   0.0
     Lair:2 |    5487 |    1480 |  21.2 |      28 |       7 |  20.0
     Lair:3 |    4319 |     927 |  17.7 |      14 |       3 |  17.6
     Lair:4 |    8565 |     813 |   8.7 |      36 |       3 |   7.7
    Swamp:1 |     732 |       0 |   0.0 |       4 |       0 |   0.0
    Swamp:3 |    6768 |       0 |   0.0 |      14 |       0 |   0.0
    Swamp:4 |    4872 |       0 |   0.0 |      17 |       0 |   0.0
      Orc:1 |     988 |     139 |  12.3 |      16 |       7 |  30.4
      Orc:2 |    3603 |    8915 |  71.2 |      22 |      27 |  55.1
            +---------+---------+-------+---------+---------+-------
